 Dungeon Crawl Stone Soup version 0.32-a0-576-g706899e69d (webtiles) character file.

Game seed: 24208813295458845

5260 gimp the Destroyer (level 10, 0/63 HPs)
             Began as a Coglin Earth Elementalist on Mar 1, 2024.
             Was a Believer of Vehumet.
             Slain by a hornet (12 damage)
             ... on level 9 of the Dungeon on Mar 2, 2024.
             The game lasted 00:18:10 (11338 turns).

gimp the Destroyer (Coglin Earth Elementalist)     Turns: 11338, Time: 00:18:11

Health: 0/63       AC:  9    Str:  9    XL:     10   Next: 62%
Magic:  11/19      EV: 12    Int: 18    God:    Vehumet [**....]
Gold:   414        SH:  0    Dex: 15    Spells: 8/21 levels left

rFire   . . .        a - +2 dagger (venom) {Hwan}
rCold   . . .        b - +0 dagger (protect) {Fernanda}
rNeg    . . .        k - +0 robe
rPois   .            q - +1 helmet
rElec   .            D - +2 cloak {Will+}
rCorr   .            h - +0 pair of gloves
SInv    .            G - +0 pair of boots
Will    +....        (amulet unavailable)
Stlth   ++           (ring unavailable)
HPRegen 0.30/turn    (ring unavailable)
MPRegen 0.16/turn    (no gizmo)

%: no passive effects
@: slowed, very slow
A: off-hand wielding, slow wielding, warmup strikes, no jewellery
a: Invent Gizmo, Renounce Religion


You were on level 9 of the Dungeon.
You worshipped Vehumet.
Vehumet was pleased with you.
You visited 1 branch of the dungeon, and saw 9 of its levels.
You also visited: Sewer.

You collected 494 gold pieces.
You spent 80 gold pieces at shops.

Inventory:

Hand Weapons
 a - a +2 dagger of venom (weapon) {Hwan}
 b - a +0 dagger of protection (offhand) {Fernanda}
Missiles
 H - 2 curare-tipped darts
Armour
 h - a +0 pair of gloves (worn)
 k - a +0 robe (worn)
 q - a +1 helmet (worn)
 D - a +2 cloak of willpower (worn)
 G - a +0 pair of boots (worn)
Magical Staves
 r - a staff of death
 C - a staff of earth
Wands
 x - a wand of acid (12)
 A - a wand of mindburst (13)
 B - a wand of charming (10)
 F - a wand of flame (29)
Scrolls
 c - 3 scrolls of enchant armour
 f - a scroll of fear
 i - 4 scrolls of summoning {unknown}
 j - 3 scrolls of fog {unknown}
 l - a scroll of amnesia {unknown}
 m - a scroll of poison
 n - a scroll of brand weapon {unknown}
 o - 3 scrolls of revelation {unknown}
 v - 5 scrolls of teleportation
 y - 4 scrolls of enchant weapon {unknown}
Potions
 d - a potion of curing
 e - 6 potions of heal wounds
 g - a potion of lignification
 p - 3 potions of magic
 s - 2 potions of ambrosia
 u - a potion of might
 w - 2 potions of haste
 z - 2 potions of mutation
 E - 2 potions of resistance
 I - a potion of brilliance {unknown}


   Skills:
 - Level 1.7 Dodging
 - Level 1.5 Stealth
 + Level 6.0 Spellcasting
 - Level 8.0 Conjurations
 * Level 5.7 Fire Magic
 - Level 8.0 Earth Magic
 + Level 3.1 Alchemy


You had 8 spell levels left.
You knew the following spells:

 Your Spells              Type           Power      Damage    Failure   Level
a - Stone Arrow           Conj/Erth      68%        3d11      1%          3
b - Sandblast             Erth           68%        2d15      1%          1
c - Sticky Flame          Fire/Alch      21%        2d6       19%         4
d - Fireball              Conj/Fire      15%        3d8       21%         5

Your spell library contained the following spells:

 Spells                   Type           Power      Damage    Failure   Level
 Searing Ray              Conj           68%        2d6       1%          2
 Passwall                 Erth           34%        N/A       1%          3
 Brom's Barrelling Bould  Conj/Erth      34%        2d5       4%          4
 Leda's Liquefaction      Alch/Erth      12%        N/A       12%         4
 Petrify                  Alch/Erth      25%        N/A       12%         4
 Iskenderun's Battlesphe  Conj           34%        2d9       12%         5
 Ignite Poison            Fire/Alch      21%        N/A       19%         4
 Frozen Ramparts          Ice            10%        1d2       34%         3
 Metabolic Englaciation   Hex/Ice        2%         N/A       97%         5
 Conjure Ball Lightning   Conj/Air       9%         3x3d6     98%         6
 Orb of Destruction       Conj           17%        9d7       98%         7
 Ignition                 Fire           13%        3d6       100%        8


Dungeon Overview and Level Annotations

Branches:
Dungeon (9/15)             Temple (0/1) D:7           Sewer (visited)
   Lair: D:8-11         Orc: D:9-12

Altars:
Ashenzari
Dithmenos
Nemelex Xobeh
Qazlal
Ru
Sif Muna
Vehumet
Wu Jian

Shops:
D:2 !

Annotations:
D:5 3 runed translucent doors, exclusion: 3 doors, BeKind's ghost, novice BaFi
D:7 3 runed translucent doors, exclusion: 3 doors, Fractals's ghost, novice DsSh


Innate Abilities, Weirdness & Mutations

You can wield a second weapon in your off-hand.
It takes a long time for you to wield or remove held weapons.
Your first few attacks do less damage.
You cannot equip rings or amulets.


Message History

The killer bee stings your killer bee but does no damage.
Your killer bee dies!
The killer bee stings you but does no damage.
Aiming: Charm
Press: ? - help, Shift-Dir - straight line, f - killer bee
Aim: a killer bee (chance to affect: 57%)
The killer bee resists with significant effort.
The killer bee misses you.
The killer bee stings you but does no damage.
Aiming: Charm
Press: ? - help, Shift-Dir - straight line, f/p - killer bee
Aim: a killer bee (chance to affect: 57%)
The killer bee is charmed.
The killer bee misses your killer bee. The killer bee stings your killer bee.
The killer bee misses your killer bee. x2
The killer bee misses your killer bee.
The killer bee barely misses your killer bee.
The killer bee stings your killer bee but does no damage.
The killer bee barely misses your killer bee.
The killer bee completely misses your killer bee.
The killer bee closely misses your killer bee.
The killer bee barely misses your killer bee.
The killer bee stings your killer bee.
Your killer bee misses the killer bee.
The killer bee stings your killer bee!
The killer bee barely misses your killer bee.
Your killer bee closely misses the killer bee.
The killer bee closely misses your killer bee. x2
Your killer bee misses the killer bee.
The killer bee completely misses your killer bee.
The killer bee barely misses your killer bee.
Your killer bee misses the killer bee.
The killer bee barely misses your killer bee.
The killer bee misses your killer bee.
Your killer bee misses the killer bee.
The killer bee misses your killer bee.
The killer bee stings your killer bee but does no damage.
Your killer bee closely misses the hornet.
The killer bee stings your killer bee!
Your killer bee dies!
MP restored: 19
Aiming: Charm
Press: ? - help, Shift-Dir - straight line, f - killer bee
Aim: a killer bee (chance to affect: 57%)
The killer bee resists with significant effort.
The killer bee barely misses you.
Aiming: Charm
Press: ? - help, Shift-Dir - straight line, f/p - killer bee
Aim: a killer bee (chance to affect: 57%)
The killer bee is charmed.
The killer bee misses your killer bee. The hornet misses your killer bee.
The killer bee misses your killer bee. The hornet stings your killer bee!
Your killer bee seems to slow down.
The killer bee closely misses your killer bee.
Your killer bee barely misses the hornet.
The killer bee stings your killer bee!
Your killer bee dies!
Casting: Stone Arrow (safe; 1% risk of failure)
Confirm with . or Enter, or press ? or * to list all spells.
Aiming: Stone Arrow (safe; 1% risk of failure)
Press: ? - help, Shift-Dir - straight line, f - hornet
Aim: a hornet (60% to hit)
The stone arrow hits the hornet!
The hornet is heavily wounded.
The hornet stings you!
You feel yourself slow down.
The hornet stings you but does no damage.
You take 13 damage, and have 50/63 hp.
MASSIVE DAMAGE!!
You now have 16/19 mp.
Casting: Stone Arrow (safe; 1% risk of failure)
Confirm with . or Enter, or press ? or * to list all spells.
Aiming: Stone Arrow (safe; 1% risk of failure)
Press: ? - help, Shift-Dir - straight line, f/p - hornet
Aim: a hornet (heavily wounded, 60% to hit)
The stone arrow misses the hornet.
The stone arrow misses the killer bee.
The hornet stings you.
You suddenly lose the ability to move!
The hornet stings you but does no damage.
You feel yourself speed up. The hornet stings you!
You are poisoned.
You feel yourself slow down.
You feel yourself speed up.
You feel sick. The hornet stings you!
You are more poisoned.
You feel yourself slow down.
The hornet stings you but does no damage.
You can move again.
You take 30 damage, and have 20/63 hp.
MASSIVE DAMAGE!!
You now have 13/19 mp.
Unknown command.
Casting: Stone Arrow (safe; 1% risk of failure)
Confirm with . or Enter, or press ? or * to list all spells.
Aiming: Stone Arrow (safe; 1% risk of failure)
Press: ? - help, Shift-Dir - straight line, f/p - hornet
Aim: a hornet (heavily wounded, 60% to hit)
The stone arrow misses the hornet.
The stone arrow misses the killer bee.
* * * LOW HITPOINT WARNING * * *
You feel extremely sick. The hornet closely misses you. x2
You take 7 damage, and have 13/63 hp.
You now have 10/19 mp.
You feel better.
You feel yourself speed up. The hornet stings you!
* * * LOW HITPOINT WARNING * * *
You feel yourself slow down. The hornet stings you!
You die...

............###### ..
#.......Y.............. ..
.....######+#......... ... ....
#......... .... ..... #....#####
...Y####+##.....## #....#....
.FY.†......... .y# #....#....
..Y...Y....# #y# #....#....
#.....# +@#######..[.#....
#Y....# #............#....
#Y....# #............#####
#.....# #......)..........
#<....#+###.................
.....................#########...
.....................# #...
###########........### #...
#........# #...


You could see a hornet and a killer bee.

Vanquished Creatures
  A cyclops (D:9)
  Maurice (D:9)
  6 yaks
  3 water moccasins (D:6)
  Pargi (Sewer)
  An ice beast (D:6)
  A sky beast (D:6)
  A black bear (D:4)
  2 ogres (D:6)
  3 phantoms
  2 kobold brigands (D:6)
  A brain worm (Sewer)
  3 bullfrogs (D:8)
  2 gnoll sergeants
  9 wights
  8 killer bees
  2 howler monkeys (D:7)
  2 electric eels (D:7)
  A jelly (D:7)
  6 orc priests
  3 bombardier beetles
  A gnoll bouda (D:5)
  4 hounds (D:5)
  3 iguanas
  7 orc wizards
  Robin (D:1)
  13 gnolls
  8 adders
  2 shadow imps (D:7)
  3 white imps
  A ribbon worm (D:4)
  A dart slug (D:4)
  23 orcs
  3 endoplasms
  6 giant cockroaches
  12 goblins
  17 hobgoblins
  4 jackals (D:4)
  7 quokkas
  10 ball pythons
  6 bats
  4 frilled lizards
  12 kobolds
  A rat (D:2)
208 creatures vanquished.

Vanquished Creatures (others)
  5 killer bees
  An orc wizard (D:3)
6 creatures vanquished.

Grand Total: 214 creatures vanquished

Notes
Turn   | Place    | Note
-------+----------+-------------------------------------------
     0 | D:1      | gimp the Coglin Earth Elementalist began the quest for the
                  | Orb.
     0 | D:1      | Reached XP level 1. HP: 13/13 MP: 3/3
   330 | D:1      | Reached skill level 1 in Conjurations
   736 | D:2      | Reached XP level 2. HP: 19/19 MP: 1/4
   940 | D:2      | Reached XP level 3. HP: 12/24 MP: 0/6
  1294 | D:2      | Noticed Robin
  1470 | D:1      | Killed Robin
  1470 | D:1      | HP: 1/24 [hobgoblin[Robin] (1)]
  1471 | D:1      | Reached XP level 4. HP: 2/30 MP: 2/7
  1585 | D:1      | Learned a level 3 spell: Stone Arrow
  1951 | D:2      | Found Usyepnos's Distillery.
  1968 | D:2      | Bought a potion of curing for 30 gold pieces
  1968 | D:2      | Bought a potion of heal wounds for 50 gold pieces
  2127 | D:3      | Found a sacrificial altar of Ru.
  2181 | D:3      | Reached XP level 5. HP: 35/35 MP: 3/8
  2298 | D:3      | Found a shimmering blue altar of Sif Muna.
  2471 | D:3      | Found a sparkling altar of Nemelex Xobeh.
  2733 | D:3      | Reached XP level 6. HP: 15/41 MP: 3/10
  2993 | D:4      | Noticed a black bear
  3035 | D:4      | Learned a level 4 spell: Sticky Flame
  3050 | D:4      | Killed a black bear
  3125 | D:4      | Found a glowing drain.
  3211 | Sewer    | Entered a sewer
  3297 | Sewer    | Noticed Pargi
  3312 | Sewer    | Killed Pargi
  3313 | Sewer    | Reached XP level 7. HP: 17/46 MP: 1/11
  3318 | Sewer    | Reached skill level 5 in Earth Magic
  4246 | D:4      | Found an ornate altar of the Wu Jian Council.
  4509 | D:5      | Entered Level 5 of the Dungeon
  4612 | D:5      | Found a stormy altar of Qazlal.
  4620 | D:5      | Found a runed translucent gate.
  4621 | D:5      | Found a runed translucent gate.
  4622 | D:5      | Found a runed translucent gate.
  4623 | D:5      | Noticed BeKind's ghost (novice BaFi)
  4628 | D:5      | Noticed a yak
  4852 | D:5      | Found a broken altar of Ashenzari.
  4939 | D:5      | Reached XP level 8. HP: 49/52 MP: 9/13
  5169 | D:5      | Reached skill level 5 in Conjurations
  5659 | D:6      | Found a radiant altar of Vehumet.
  5667 | D:6      | Found a shadowy altar of Dithmenos.
  5787 | D:6      | Became a worshipper of Vehumet
  6632 | D:6      | Reached XP level 9. HP: 57/57 MP: 5/15
  7124 | D:6      | Learned a level 5 spell: Fireball
  7142 | D:6      | Reached * piety under Vehumet
  7142 | D:6      | Offered knowledge of Freeze by Vehumet.
  7403 | D:6      | Reached skill level 1 in Fire Magic
  8446 | D:7      | Reached skill level 5 in Spellcasting
  8693 | D:7      | Found a staircase to the Ecumenical Temple.
  8812 | D:7      | Found a runed translucent gate.
  8812 | D:7      | Found a runed translucent gate.
  8812 | D:7      | Found a runed translucent gate.
  8813 | D:7      | Noticed a kobold demonologist
  8814 | D:7      | Noticed Fractals's ghost (novice DsSh)
  9768 | D:8      | Reached XP level 10. HP: 34/63 MP: 9/17
  9771 | D:8      | Reached ** piety under Vehumet
  9771 | D:8      | Offered knowledge of Searing Ray by Vehumet.
 10318 | D:8      | Reached skill level 1 in Alchemy
 10715 | D:9      | Noticed Maurice
 10740 | D:9      | Something stole a staff of earth
 10746 | D:9      | Something stole a throwing net
 10751 | D:9      | Something stole 269 gold
 10755 | D:9      | Something stole 2 curare-tipped darts
 10886 | D:9      | Maurice stole 128 gold
 10888 | D:9      | Killed Maurice
 10889 | D:9      | Reached skill level 5 in Fire Magic
 10995 | D:9      | Noticed a cyclops
 11000 | D:9      | Killed a cyclops
 11334 | D:9      | Paralysed by a hornet for 3 turns
 11338 | D:9      | Slain by a hornet

Illustrated notes

Levels and vault maps discovered:
D:1:      scummos_arrival_checkerplants, layout_loops_ring
D:2:      layout_basic, serial_shops, shop, minmay_misc_feat_iff,
          nrook_mini_vaults, uniq_robin
D:3:      layout_rooms, mainiacjoe_overflow_concentric_impassable,
          lemuel_tele_altar, lemuel_crystal_altar
D:4:      layout_loops_ring, nzn_wu_jian_council_hall, gup_sewer_entry_pipe,
          moated_statue
D:5:      layout_loops_corners, mainiacjoe_overflow_chevrons,
          nicolae_ashenzari_skybound, gammafunk_ghost_split, patterned_corridor
D:6:      cheibrodos_thug_alley, layout_cave_pools, vehumet_altar_wand_db,
          mainiacjoe_overflow_small_starburst
D:7:      layout_loops_ring, minmay_temple_entry_tees,
          gammafunk_ghost_nasty_kobolds, chequers_big_river,
          nicolae_grassy_gnolls
D:8:      layout_gridville, serial_glass, glass_columns_b, glass_columns_a,
          glass_columns_a, glass_columns_b, unseen_surprise_small
D:9:      layout_irregular_city, trog_antimagical, uniq_maurice

Skill      XL: |  1  2  3  4  5  6  7  8  9 10 |
---------------+-------------------------------+-----
Conjurations   | 1 2 3 4 6 7 8 |  8.0
Spellcasting   | 2 3 4 5 6 |  6.0
Earth Magic    | 3 4 5 7 8 |  8.0
Fire Magic     | 3 5 |  5.7
Alchemy        | 3 |  3.1
Dodging        | |  1.7
Stealth        | |  1.5

Action                     |  1- 3 |  4- 6 |  7- 9 | 10-12 || total
---------------------------+-------+-------+-------+-------++-------
  Melee: Unarmed           |     1 |       |       |       ||     1
         Dagger            |    13 |    38 |   170 |    68 ||   289
  Throw: Dart              |       |       |       |     2 ||     2
   Cast: Sandblast         |    45 |    91 |    88 |       ||   224
         Stone Arrow       |       |     2 |   108 |    40 ||   150
         Sticky Flame      |       |       |       |     1 ||     1
  Evoke: Wand              |       |       |     2 |     7 ||     9
    Use: Scroll            |       |     2 |     9 |     1 ||    12
         Potion            |       |       |       |     4 ||     4
 Armour: Robe              |    36 |    59 |   136 |    64 ||   295
  Dodge: Dodged            |    45 |    54 |   102 |    34 ||   235

Table legend: (Time is in decaauts)
 A = Elapsed time spent in this place.
 B = Non-inter-level travel time spent in this place.
 C = Inter-level travel time spent in this place.
 D = Time resting spent in this place.
 E = Time spent auto-exploring this place.
 F = Levels seen in this place.
 G = Mean time per level.
                   A        B        C        D        E       F      G
               +--------+--------+--------+--------+--------+-----+--------+
         Total |  11534 |  11279 |    255 |   1059 |   8440 |  10 | 1153.4 |
       Dungeon |  11176 |  10921 |    255 |   1059 |   8202 |   9 | 1241.8 |
         Sewer |    358 |    358 |      0 |      0 |    237 |   1 |  358.0 |
               +--------+--------+--------+--------+--------+-----+--------+

Top non-repeatable levels by time:
     D:5: 1828 daAuts
     D:6: 1587 daAuts
     D:8: 1434 daAuts
     D:7: 1307 daAuts
     D:4: 1254 daAuts
     D:2: 1211 daAuts
     D:1: 943 daAuts
     D:3: 882 daAuts
     D:9: 727 daAuts
   Sewer: 358 daAuts
